 Dungeon Crawl Stone Soup version 0.29.1-15-g9cfb28693d (webtiles) character file.

Game seed: 8613722248398000503

4603 tizbic2 the Covert (level 10, -1/141 HPs)
             Began as a Naga Berserker on Apr 24, 2023.
             Was an Elder of Trog.
             Killed by divine providence
             ... invoked by an orc priest
              (12 damage)
             ... on level 8 of the Dungeon on Apr 25, 2023.
             The game lasted 00:35:44 (8898 turns).

tizbic2 the Covert (Naga Berserker)                 Turns: 8898, Time: 00:35:45

Health: -1/141     AC: 14    Str: 23    XL:     10   Next: 42%
Magic:  10/10      EV: 10    Int: 11    God:    Trog [****..]
Gold:   543        SH:  5    Dex: 20    Spells: 9/9 levels left

rFire   . . .      SeeInvis +   a - +1 short sword (vamp)
rCold   . . .      Faith    .   E - +0 buckler
rNeg    . . .      Spirit   .   t - +4 robe of Augmentation {Str+4 Int+4 Dex+4}
rPois   +          Reflect  .   (no helmet)
rElec   .          Harm     .   u - +1 cloak
rCorr   .          Rampage  .   (no gloves)
Will    +....                   (no barding)
Stlth   ..........              G - amulet of the acrobat
HPRegen 0.33/turn               s - +4 ring of protection
MPRegen 0.12/turn               (no ring)

@: berserking, quick
A: AC +3, large, see invisible, deformed body, poison resistance, slowness 2,
spit poison 1, naga tail 1
a: Spit Poison, Renounce Religion, Berserk, Trog's Hand, Brothers in Arms


You were on level 8 of the Dungeon.
You worshipped Trog.
Trog was greatly pleased with you.
You visited 2 branches of the dungeon, and saw 9 of its levels.

You collected 543 gold pieces.

Inventory:

Hand Weapons
 a - a +1 vampiric short sword (weapon)
 c - a +0 hand axe
 v - a +2 dagger of draining
 w - a +1 dagger of venom
 D - a +4 great sword of freezing
 I - a +4 scimitar
Missiles
 b - a throwing net
 d - 4 curare-tipped darts
 g - 21 poisoned darts
 j - 2 javelins
 F - 2 boomerangs of dispersal
Armour
 i - a +3 leather armour of cold resistance
 p - an orb of wrath
 t - the +4 robe of Augmentation (worn) {Str+4 Int+4 Dex+4}
   (You found it on level 5 of the Dungeon)

   Str:       It affects your strength (+4).
   Int:       It affects your intelligence (+4).
   Dex:       It affects your dexterity (+4).
 u - a +1 cloak (worn)
 E - a +0 buckler (worn)
Jewellery
 s - a +4 ring of protection (left hand)
 G - an amulet of the acrobat (around neck)
Wands
 q - a wand of charming (15)
 y - a wand of iceblast (11)
 B - a wand of quicksilver (5)
 K - a wand of polymorph (4)
Scrolls
 o - 2 scrolls of teleportation
 C - 2 scrolls of vulnerability {unknown}
 J - a scroll of fog {unknown}
Potions
 e - a potion of berserk rage
 f - 3 potions of attraction
 h - 3 potions of flight {unknown}
 k - 3 potions of resistance {unknown}
 l - 2 potions of curing
 m - 2 potions of brilliance {unknown}
 n - 2 potions of heal wounds {unknown}
 r - a potion of might
 x - a potion of haste {unknown}
 z - 2 potions of cancellation {unknown}
 A - a potion of magic {unknown}
 H - a potion of mutation {unknown}


   Skills:
 + Level 7.2 Fighting
 * Level 9.8 Short Blades
 - Level 1.5 Armour
 - Level 1.5 Dodging
 * Level 14.2 Stealth
 + Level 2.1 Shields


You had 9 spell levels left.
You didn't know any spells.
Your spell library was empty.

Dungeon Overview and Level Annotations

Branches:
Dungeon (8/15)             Temple (1/1) D:7
   Lair: D:8-11

Altars:
Ashenzari
Elyvilon
Fedhas
Hepliaklqana
Makhleb
Okawaru
Qazlal
Uskayaw
Vehumet
Wu Jian
Yredelemnul
Zin
The Shining One

Annotations:
D:4 2 transporters, nroviw's ghost, amateur DrEE


Innate Abilities, Weirdness & Mutations

Your serpentine skin is tough. (AC +3)
You have supernaturally acute eyesight. (SInv)
Armour fits poorly on your strangely shaped body.
Your system is resistant to poisons. (rPois)
You cover ground very slowly.
You can spit poison.
You have a snake-like lower body.


Message History

You hit the warg but do no damage.
The warg is almost dead.
You hit the warg.
You kill the warg!
Trog accepts your kill. The orc warrior misses you. x2
You see here a warg corpse.
You hit the orc warrior but do no damage.
You hit the orc warrior but do no damage.
The orc warrior barely misses you.
You hit the orc warrior.
You feel better.
The orc warrior is lightly wounded.
The orc warrior hits you with a +0 scimitar!
* * * LOW HITPOINT WARNING * * *
You hit the orc warrior but do no damage.
The orc warrior is lightly wounded.
You hit the orc warrior.
You feel better.
The orc warrior is lightly wounded.
The orc warrior hits you with a +0 scimitar.
* * * LOW HITPOINT WARNING * * *
You hit the orc warrior but do no damage.
The orc warrior is lightly wounded.
You hit the orc warrior.
The orc warrior is moderately wounded.
You block the orc warrior's attack.
You hit the orc warrior but do no damage.
The orc warrior is moderately wounded.
The orc priest calls upon Beogh to heal the orc warrior.
The orc warrior is healed somewhat.
The orc priest calls down the wrath of Beogh upon you.
Beogh smites you!
* * * LOW HITPOINT WARNING * * *
The orc warrior closely misses you.
Okay, then.
Okay, then.
A red film seems to cover your vision as you go berserk!
You feel yourself moving faster!
You feel mighty!
The orc priest calls down the wrath of Beogh upon you.
Beogh smites you!
You die...

.'.........#
#.#
.#########.#
.# .# #.####
## #....#
####.# #.# .
#.# ...
#.#####..)..
#...@oo.....
######o#....
#


P You could see an orc warrior and 2 orc priests.

Vanquished Creatures
  A kobold demonologist (D:5)
  Prince Ribbit (D:5)
  2 wargs (D:8)
  2 orc warriors
  2 sky beasts
  An ice beast (D:5)
  A black bear (D:5)
  2 centaurs
  2 ogres
  A phantom (D:6)
  6 kobold brigands
  5 scorpions
  21 wights
  An electric eel (D:6)
  A crimson imp (D:6)
  4 hounds
  2 jellies
  5 orc priests
  2 gnoll boudas
  5 iguanas
  Ijyb (D:5)
  7 orc wizards
  13 gnolls
  7 adders
  7 river rats (D:5)
  A shadow imp (D:5)
  A white imp (D:8)
  2 ufetubi (D:5)
  A worm (D:3)
  4 dart slugs
  12 orcs
  9 ball pythons
  2 bats
  5 endoplasms
  4 giant cockroaches
  7 goblins
  9 hobgoblins
  5 jackals
  10 quokkas
  5 frilled lizards
  25 kobolds
  17 rats
  A bush (D:5)
222 creatures vanquished.

Notes
Turn   | Place    | Note
-------+----------+-------------------------------------------
     0 | D:1      | tizbic2 the Naga Berserker began the quest for the Orb.
     0 | D:1      | Reached XP level 1. HP: 21/21 MP: 1/1
    28 | D:1      | Reached skill level 1 in Stealth
   174 | D:1      | Reached XP level 2. HP: 21/28 MP: 2/2
   202 | D:1      | Reached skill level 2 in Stealth
  1185 | D:1      | Found a faded altar of an unknown god.
  1282 | D:1      | Reached XP level 3. HP: 34/34 MP: 3/3
  1394 | D:2      | Reached skill level 3 in Stealth
  1771 | D:2      | Reached XP level 4. HP: 42/42 MP: 4/4
  1817 | D:2      | Reached skill level 4 in Stealth
  1825 | D:2      | HP: 2/63 [orc priest/divine providence (15)]
  1827 | D:2      | Reached XP level 5. HP: 2/50 MP: 5/5
  2229 | D:2      | Reached ** piety under Trog
  2970 | D:3      | Reached skill level 5 in Stealth
  3203 | D:3      | Reached *** piety under Trog
  3225 | D:3      | Noticed a kobold brigand
  3227 | D:3      | Noticed a kobold brigand
  3233 | D:3      | Killed a kobold brigand
  3234 | D:3      | Reached XP level 6. HP: 56/57 MP: 6/6
  3254 | D:3      | Reached skill level 5 in Short Blades
  3254 | D:3      | Reached skill level 6 in Stealth
  3473 | D:4      | Noticed nroviw's ghost (amateur DrEE)
  3478 | D:4      | Found a broken altar of Ashenzari.
  3668 | D:4      | Found a basalt altar of Yredelemnul.
  3923 | D:4      | Reached XP level 7. HP: 49/63 MP: 7/7
  3926 | D:4      | Found an ornate altar of the Wu Jian Council.
  4047 | D:4      | Found a transporter.
  4051 | D:4      | Found a transporter.
  4200 | D:4      | Reached skill level 7 in Stealth
  4512 | D:5      | Entered Level 5 of the Dungeon
  4668 | D:5      | Reached skill level 8 in Stealth
  4746 | D:5      | Reached XP level 8. HP: 43/73 MP: 8/8
  4987 | D:5      | Reached skill level 5 in Fighting
  5125 | D:5      | Reached skill level 9 in Stealth
  5155 | D:5      | Reached **** piety under Trog
  5204 | D:5      | Found the +4 robe of Augmentation {Str+4 Int+4 Dex+4}
  5266 | D:5      | Found a blossoming altar of Fedhas.
  5267 | D:5      | Noticed Prince Ribbit
  5273 | D:5      | Killed Prince Ribbit
  5331 | D:5      | Reached skill level 10 in Stealth
  5697 | D:5      | Noticed Ijyb
  5704 | D:5      | Killed Ijyb
  5833 | D:5      | Noticed a kobold demonologist
  5851 | D:5      | Killed a kobold demonologist
  5852 | D:5      | Reached skill level 11 in Stealth
  5852 | D:5      | Reached XP level 9. HP: 79/82 MP: 9/9
  6321 | D:6      | Reached skill level 12 in Stealth
  7049 | D:6      | Found a burning altar of Makhleb.
  7242 | D:7      | Reached skill level 13 in Stealth
  7538 | D:7      | Found a staircase to the Ecumenical Temple.
  7592 | Temple   | Entered the Ecumenical Temple
  7871 | D:7      | Reached XP level 10. HP: 78/87 MP: 10/10
  7938 | D:7      | Reached skill level 1 in Shields
  8627 | D:8      | Reached skill level 14 in Stealth
  8898 | D:8      | Killed from afar by an orc priest

Illustrated notes

Levels and vault maps discovered:
D:1:      co_arrival_square_in_a_square_in_a_square, layout_loops_corners,
          shapermc_ecumenical_altar_mp_vishouse
D:2:      layout_loops_ring, hangedman_feature_mirror,
          minmay_misc_feat_four_crosses, serial_bayou_ford_a,
          grunt_ministairs_6, minmay_tetromino_i2
D:3:      cheibrodos_thug_alley, layout_loops_cross, minmay_misc_feat_hallway,
          minmay_close_crescents
D:4:      layout_basic, nicolae_wu_jian_wuxing_cycle,
          mainiacjoe_overflow_catch_the_wave, gammafunk_ghost_arena,
          minivault_24
D:5:      lemuel_ratsnest, layout_loops_cross, fedhas_bush_and_centaur_altar,
          uniq_ijyb, uniq_prince_ribbit1
D:6:      layout_cave_pools, makhleb_grotto_becter, dreamdust_wishing_well,
          nicolae_eternal_life, lightli_minifort
D:7:      nicolae_cairo_tiling_large_dashed, layout_cave_pods,
          minmay_temple_entry_waves, minmay_crystal_room,
          hangedman_decor_points, minmay_misc_feat_iff
D:8:      layout_basic, erik_lair_orcish_takeover,
          gammafunk_ghost_berserking_beasts
Temple:   nicolae_temple_x_marks_the_god

Skill      XL: |  1  2  3  4  5  6  7  8  9 10 |
---------------+-------------------------------+-----
Stealth        | 1 2 3 4 5 6 8 11 13 14 | 14.2
Short Blades   | 4 5 6 7 9 |  9.8
Fighting       | 4 5 6 7 |  7.2
Shields        | 2 |  2.1
Armour         | |  1.5
Dodging        | |  1.5

Action                   |  1- 3 |  4- 6 |  7- 9 | 10-12 || total
-------------------------+-------+-------+-------+-------++-------
Melee: Short sword       |    35 |       |       |    85 ||   120
       Dagger            |    56 |   179 |   415 |    64 ||   714
       Hand axe          |    22 |       |    37 |    23 ||    82
       Punch             |       |     5 |     5 |       ||    10
       Trident           |       |       |    15 |    11 ||    26
       Scimitar          |       |       |       |    12 ||    12
Invok: Berserk           |     2 |     1 |     7 |     4 ||    14
 Abil: Spit Poison       |    19 |    11 |    12 |     6 ||    48
  Use: Scroll            |     1 |     7 |     4 |     1 ||    13
       Potion            |       |     1 |     1 |       ||     2
 Stab: Sleeping          |     4 |     8 |    16 |     1 ||    29
       Distracted        |       |     1 |     1 |       ||     2
Armor: Animal skin       |     4 |       |       |       ||     4
       Leather armour    |    22 |    69 |    73 |       ||   164
       Skin              |       |       |    22 |       ||    22
       Robe              |       |       |   100 |    62 ||   162
Dodge: Dodged            |    51 |    72 |   184 |    79 ||   386
Block: Buckler           |       |       |     3 |    35 ||    38
